 Dungeon Crawl Stone Soup version 0.30-a0-374-g95c0257040 (webtiles) character file.

Game seed: 785200371072912825

140 Bnni the Shield-Bearer (level 5, -1/42 HPs)
             Began as a Formicid Fighter on Nov 25, 2022.
             Slain by a gnoll
             ... wielding a +0 flail
              (3 damage)
             ... on level 5 of the Dungeon.
             The game lasted 00:02:27 (1244 turns).

Bnni the Shield-Bearer (Formicid Fighter)           Turns: 1244, Time: 00:02:27

Health: -1/42      AC:  6    Str: 23    XL:     5   Next: 47%
Magic:  5/5        EV:  9    Int:  7    God:
Gold:   41         SH:  5    Dex: 13    Spells: 4/4 levels left

rFire   . . .      SeeInvis +    a - +0 trident
rCold   . . .      Faith    .    c - +0 buckler
rNeg    . . .      Spirit   .    b - +0 scale mail
rPois   .          Reflect  .    (helmet unavailable)
rElec   .          Harm     .    (no cloak)
rCorr   .          Rampage  .    (no gloves)
Will    .....                    (no boots)
Stlth   ..........               (no amulet)
HPRegen 0.27/turn                (no ring)
MPRegen 0.09/turn                (no ring)

@: mighty
A: permanent stasis, dig shafts and tunnels, antennae 3, four strong arms
a: Dig, Shaft Self


You were on level 5 of the Dungeon.
You visited 1 branch of the dungeon, and saw 4 of its levels.

You collected 41 gold pieces.

Inventory:

Hand Weapons
 a - a +0 trident (weapon)
Missiles
 g - 7 poisoned darts
Armour
 b - a +0 scale mail (worn)
 c - a +0 buckler (worn)
Scrolls
 e - a scroll of acquirement {unknown}
 h - a scroll of vulnerability {unknown}
 i - a scroll of blinking {unknown}
 k - a scroll of amnesia {unknown}
 l - a scroll of identify {unknown}
 m - a scroll of teleportation {unknown}
Potions
 f - a potion of invisibility {unknown}
 j - a potion of brilliance {unknown}


   Skills:
 + Level 4.3 Fighting
 * Level 4.0 Polearms
 - Level 3.2 Armour
 - Level 5.0 Shields


You had 4 spell levels left.
You didn't know any spells.
Your spell library contained the following spells:

 Spells                   Type           Power      Damage    Failure   Level
 Summon Small Mammal      Summ           0%         N/A       80%         1
 Call Canine Familiar     Summ           0%         N/A       99%         3
 Portal Projectile        Hex/Tloc       0%         N/A       99%         3
 Summon Guardian Golem    Hex/Summ       0%         N/A       99%         3
 Leda's Liquefaction      Hex/Erth       0%         N/A       100%        4


Dungeon Overview and Level Annotations

Branches:
Dungeon (3/15)

Altars:


Innate Abilities, Weirdness & Mutations

You cannot be hasted, slowed, berserked, paralysed or teleported.
You can dig through walls and to a lower floor.
You have a pair of large antennae on your head. (SInv)
Your four strong arms can wield two-handed weapons with a shield.


Message History

You are too injured to fight recklessly!
You are too injured to fight recklessly!
You are too injured to fight recklessly!
You are too injured to fight recklessly!
You are too injured to fight recklessly!
Reach: a) +0 trident
Press: ? - help, Dir - move target, f/p - gnoll
Aim: a gnoll, wielding a +0 spear (severely wounded, about 37% to evade your +0 trident)
You reach to attack!
You completely miss the gnoll.
The gnoll is severely wounded.
You block the gnoll's attack.
Reach: a) +0 trident
Press: ? - help, Dir - move target, f/p - gnoll
Aim: a gnoll, wielding a +0 spear (severely wounded, about 37% to evade your +0 trident)
You reach to attack!
You hit the gnoll.
You kill the gnoll!
Your Polearms skill increases to level 4!
Reach: a) +0 trident
Press: ? - help, Dir - move target, f - gnoll
Aim: a gnoll, wielding a +0 flail (about 36% to evade your +0 trident)
You reach to attack!
You closely miss the gnoll.
Unknown command.
Reach: a) +0 trident
Press: ? - help, Dir - move target, f/p - gnoll
Aim: a gnoll, wielding a +0 flail (about 36% to evade your +0 trident)
You closely miss the gnoll. The gnoll hits you with a +0 flail!
* * * LOW HITPOINT WARNING * * *
Reach: a) +0 trident
Press: ? - help, Dir - move target, f/p - gnoll
Aim: a gnoll, wielding a +0 flail (about 36% to evade your +0 trident)
You barely miss the gnoll. The gnoll hits you with a +0 flail.
* * * LOW HITPOINT WARNING * * *
Unknown command.
You feel very mighty all of a sudden. The gnoll hits you with a +0 flail!
* * * LOW HITPOINT WARNING * * *
You puncture the gnoll!
The gnoll is almost dead.
You block the gnoll's attack. The gnoll hits you with a +0 flail.
You die...

#....#. #.....
....### #.....####
#.........
#.....#####
#..........
########....######
.....sg@..........
########....######
######


You could see a scorpion and a gnoll.

Vanquished Creatures
  4 gnolls
  4 adders (D:2)
  A dart slug (D:1)
  2 endoplasms
  7 goblins
  8 hobgoblins
  3 quokkas
  9 ball pythons
  7 bats
  9 frilled lizards
  6 kobolds
  5 rats
65 creatures vanquished.

Vanquished Creatures (others)
  6 plants (D:2)
6 creatures vanquished.

Grand Total: 71 creatures vanquished

Notes
Turn   | Place    | Note
-------+----------+-------------------------------------------
     0 | D:1      | Bnni the Formicid Fighter began the quest for the Orb.
     0 | D:1      | Reached XP level 1. HP: 18/18 MP: 1/1
   114 | D:1      | Reached XP level 2. HP: 24/24 MP: 2/2
   207 | D:1      | Reached XP level 3. HP: 28/29 MP: 3/3
   606 | D:2      | Reached skill level 5 in Shields
   606 | D:2      | Reached XP level 4. HP: 31/37 MP: 4/4
   988 | D:2      | Reached XP level 5. HP: 42/42 MP: 5/5
  1219 | D:3      | You fall into a shaft and drop 2 floors!
  1219 | D:5      | Entered Level 5 of the Dungeon
  1243 | D:5      | HP: 1/42 [gnoll/+0 flail (7)]
  1244 | D:5      | Slain by a gnoll

Illustrated notes

Levels and vault maps discovered:
D:1:      dpeg_arrival_radiant, layout_rooms, minmay_heptomino_h4
D:2:      layout_rooms, nrook_uturn, minmay_lizard_king
D:3:      layout_basic, mainiacjoe_overflow_alcove_4,
          nicolae_wu_jian_wuxing_cycle, serial_shops, shop,
          hangedman_decor_clover_reticule
D:5:      layout_basic, lemuel_zombie_altar_kikubaaqudgha,
          gammafunk_temple_overflow_pools, kennysheep_pointless_box

Skill      XL: |  1  2  3  4  5 |
---------------+----------------+-----
Shields        | 5 |  5.0
Polearms       | 3 4 |  4.0
Fighting       | 4 |  4.3
Armour         | |  3.2

Action                   |  1- 3 |  4- 6 || total
-------------------------+-------+-------++-------
Melee: Trident           |   102 |   118 ||   220
  Use: Potion            |       |     1 ||     1
Armor: Scale mail        |    45 |    30 ||    75
Dodge: Dodged            |    44 |    41 ||    85
Block: Buckler           |    28 |    17 ||    45

Table legend: (Time is in decaauts)
 A = Elapsed time spent in this place.
 B = Non-inter-level travel time spent in this place.
 C = Inter-level travel time spent in this place.
 D = Time resting spent in this place.
 E = Time spent auto-exploring this place.
 F = Levels seen in this place.
 G = Mean time per level.
                   A        B        C        D        E       F      G
               +--------+--------+--------+--------+--------+-----+--------+
         Total |   1282 |   1260 |     22 |      0 |    843 |   4 |  320.5 |
       Dungeon |   1282 |   1260 |     22 |      0 |    843 |   4 |  320.5 |
               +--------+--------+--------+--------+--------+-----+--------+

Top non-repeatable levels by time:
     D:2: 650 daAuts
     D:1: 604 daAuts
     D:5: 26 daAuts
